Map: Romanticide LE

Players

Erik - Winner!

  • Race: Zerg Zerg
  • League: Master

TerraN

  • Race: Terran Terran

Event: DreamHack SC2 Masters 2021 Summer

VOD

Have the link to the VOD?

Description

Time

  • Played on: May 20, 2021, 5:13 p.m.
  • Length: 17:37

All games in this series

Show
View Real Time Build Order
Export as new Build Order

Erik Zerg - Winner!

Build Orders: Hatch First, Lurkers, Roach Hydra 

Get SALT Encoding   

  12  0:00  Drone  
  13  0:08  Drone  
  14  0:15  Extractor, Drone  
  15  0:36  Hatchery  
  15  0:40  Extractor  
  15  0:42  Drone  
  15  0:47  Overlord  
  15  1:02  Spawning Pool  
  14  1:06  Drone  
  14  1:09  Drone  
  16  1:13  Drone  
  16  1:17  Drone  
  18  1:24  Extractor  
  17  1:28  Drone  
  18  1:39  Drone  
  19  1:49  Queen x2  
  19  1:51  Zergling x4  
  25  2:00  Drone  
  25  2:01  Drone  
  27  2:17  Hatchery  
  27  2:22  Overlord  
  26  2:26  Drone  
  26  2:29  Drone  
  28  2:39  Overlord  
  28  2:41  Drone x2  
  28  2:43  Drone  
  31  2:46  Drone  
  32  2:54  Drone x2  
  34  3:03  Drone x3  
  34  3:05  Drone  
  37  3:09  Roach Warren  
  37  3:10  Drone  
  37  3:14  Queen  
  39  3:21  Queen  
  39  3:26  Overlord  
  41  3:29  Overlord  
  41  3:33  Queen  
  43  3:41  Drone x4  
  46  3:47  Overlord  
  47  3:50  Roach x2  
  47  3:52  Roach  
  53  3:56  Drone x2  
  53  4:00  Drone x2  
  57  4:04  Drone x2  
  57  4:09  Drone  
  60  4:15  Roach  
  60  4:16  Overlord  
  62  4:19  Overlord  
  62  4:20  Ravager x2  
  62  4:23  Drone x2  
  66  4:30  Overlord  
  65  4:39  Drone x8  
  65  4:42  Spore Crawler  
  65  4:45  Spore Crawler  
  71  4:46  Spore Crawler  
  70  4:53  Drone  
  70  4:54  Drone x5  
  70  4:56  Spore Crawler  
  75  5:01  Lair  
  75  5:04  Hatchery  
  75  5:05  Extractor  
  75  5:06  Extractor  
  72  5:08  Evolution Chamber, Drone x3  
  72  5:11  Evolution Chamber  
  73  5:17  Drone x7  
  73  5:20  Extractor, Drone x2  
  81  5:24  Drone x3  
  81  5:26  Extractor  
  81  5:27  Extractor  
  82  5:30  Drone x2  
  82  5:31  Drone  
  82  5:35  Zerg Missile Weapons Level 1  
  85  5:49  Roach  
  89  5:50  Roach  
  89  5:54  Overlord  
  85  6:02  Queen, Overseer  
  85  6:03  Queen  
  89  6:07  Roach  
  89  6:11  Overlord  
  87  6:13  Drone x5  
  87  6:14  Drone x3  
  87  6:18  Drone x5  
  91  6:22  Zerg Ground Armor Level 1, Glial Reconstitution  
  90  6:28  Queen  
  92  6:37  Drone  
  92  6:38  Drone  
  92  6:39  Drone x2  
  96  6:41  Drone x3  
  99  6:51  Roach x5, Spore Crawler, Extractor  
  107  6:54  Overlord x2, Extractor  
  107  6:59  Hydralisk Den  
  107  7:00  Overlord  
  107  7:01  Pneumatized Carapace  
  105  7:05  Overlord  
  105  7:10  Roach x3  
  109  7:21  Roach  
  109  7:22  Roach x8  
  127  7:28  Queen  
  129  7:31  Muscular Augments  
  129  7:34  Roach x4  
  137  7:42  Overlord  
  137  7:51  Hydralisk x3  
  137  7:53  Overlord x3  
  137  7:58  Metabolic Boost, Zerg Melee Weapons Level 1  
  143  8:01  Hydralisk x4  
  151  8:09  Overlord x2  
  151  8:16  Hydralisk x4  
  151  8:17  Hydralisk x2  
  161  8:23  Drone x5  
  166  8:28  Infestation Pit  
  165  8:38  Drone  
  165  8:39  Nydus Network  
  165  8:42  Grooved Spines  
  165  8:47  Hydralisk x6  
  165  8:48  Hydralisk x2  
  179  8:58  Hatchery  
  178  9:07  Hive  
  178  9:08  Lurker Den  
  177  9:19  Overlord x3  
  177  9:20  Zergling x14  
  184  9:31  Spine Crawler  
  183  9:32  Spine Crawler  
  183  9:33  Zerg Missile Weapons Level 2, Spine Crawler  
  183  9:34  Overlord  
  181  9:48  Extractor  
  181  9:51  Extractor  
  179  9:58  Hydralisk  
  179  9:59  Hydralisk x11  
  179  10:02  Ravager  
  179  10:03  Ravager x4  
  182  10:09  Zergling x12  
  149  10:33  Viper x2, Adaptive Talons  
  153  10:37  Zergling x2  
  153  10:38  Zergling x32  
  153  10:41  Drone  
  171  10:52  Drone x7  
  178  11:08  Lurker  
  178  11:09  Lurker x4  
  182  11:11  Overlord x2  
  182  11:12  Overlord x2  
  180  11:19  Burrow  
  180  11:26  Queen, Spine Crawler  
  180  11:28  Overlord  
  180  11:30  Seismic Spines  
  181  11:33  Lurker x2  
  181  11:34  Lurker x6  
  188  11:42  Hydralisk x5  
  189  12:00  Zergling x2  
  189  12:01  Zergling x40  
  159  12:17  Zergling x24  
  161  12:40  Lurker x10  
  161  12:43  Overseer x3  
  171  12:44  Hatchery  
  171  12:50  Overseer  
  170  12:51  Hydralisk x5  
  180  13:05  Drone x8  
  181  13:18  Hydralisk x7  
  179  13:31  Hydralisk x5  
  188  13:41  Nydus Canal  
  188  13:44  Hydralisk x5  
  182  13:51  Hydralisk x3  
  154  13:56  Zergling x6  
  152  14:08  Zergling x22  
  161  14:30  Overseer  
  161  14:31  Zerg Melee Weapons Level 2  
  161  14:32  Zerg Ground Armor Level 2  
  161  14:36  Lurker x5, Spore Crawler  
  165  14:46  Hydralisk x6  
  177  15:01  Hydralisk  
  177  15:02  Hydralisk x5  
  189  15:12  Hatchery  
  187  15:27  Hydralisk  
  187  15:28  Hydralisk x8  
  199  15:45  Spine Crawler x2  
  199  15:46  Spine Crawler  
  188  16:18  Zergling x24  
  185  16:35  Zergling x36  
  200  16:47  Nydus Network  
Show
View Real Time Build Order
Export as new Build Order

TerraN Terran 

Build Orders: Reaper Expand, Hellion Banshee 

Get SALT Encoding   

  12  0:00  SCV  
  13  0:12  SCV  
  14  0:17  Supply Depot  
  14  0:24  SCV  
  15  0:39  Barracks, SCV  
  16  0:44  Refinery  
  16  0:51  SCV  
  17  1:03  SCV  
  18  1:15  SCV  
  19  1:28  Orbital Command  
  19  1:29  Reaper  
  20  1:39  Command Center  
  20  1:50  Supply Depot  
  20  1:54  SCV  
  20  2:01  Marine  
  22  2:06  SCV  
  23  2:13  Factory  
  23  2:15  Refinery  
  23  2:18  SCV  
  24  2:23  Barracks Reactor  
  24  2:30  SCV  
  25  2:43  SCV  
  26  2:47  Command Center  
  26  2:52  Orbital Command  
  26  2:55  SCV  
  27  3:05  Hellion x2  
  31  3:09  SCV  
  31  3:12  Refinery  
  32  3:20  Starport  
  32  3:21  SCV  
  33  3:28  SCV  
  33  3:30  Barracks Tech Lab  
  33  3:33  SCV  
  35  3:36  Hellion  
  35  3:37  Hellion  
  35  3:40  SCV  
  40  3:45  SCV  
  41  3:53  SCV  
  42  3:58  Hellion x2, SCV  
  42  4:02  Banshee  
  50  4:04  SCV  
  50  4:09  Supply Depot  
  51  4:11  Cloaking Field  
  51  4:16  SCV x2  
  53  4:19  Hellion x2  
  53  4:22  Orbital Command  
  57  4:28  SCV  
  57  4:29  SCV  
  59  4:33  Supply Depot  
  59  4:40  SCV  
  59  4:41  SCV, Hellion x2, Armory  
  59  4:44  Banshee  
  68  4:48  Orbital Command  
  65  4:53  SCV x2  
  67  5:00  Supply Depot  
  67  5:01  Barracks Tech Lab  
  67  5:04  Barracks, Hellion  
  67  5:05  SCV  
  67  5:06  Barracks, Hellion  
  72  5:10  SCV  
  73  5:15  SCV  
  73  5:17  SCV  
  73  5:20  Engineering Bay  
  75  5:21  Engineering Bay  
  75  5:23  SCV  
  75  5:27  Refinery, SCV  
  75  5:28  Refinery  
  77  5:43  SCV x3  
  77  5:45  Stimpack  
  77  5:47  Barracks  
  77  5:48  Barracks  
  80  5:50  Starport Reactor  
  80  5:56  SCV x2  
  78  5:58  Hellion  
  78  5:59  Hellion  
  78  6:01  Barracks Reactor, SCV  
  79  6:08  SCV  
  76  6:13  SCV x2  
  69  6:20  SCV  
  69  6:25  SCV x2  
  67  6:26  Marauder x2  
  67  6:28  Terran Infantry Armor Level 1, Terran Infantry Weapons Level 1  
  67  6:31  Factory Tech Lab  
  72  6:33  SCV  
  72  6:34  Medivac  
  72  6:35  Medivac  
  72  6:37  Barracks Tech Lab  
  72  6:38  Marine x2  
  79  6:43  Barracks Reactor  
  79  6:46  SCV  
  79  6:47  Marauder, SCV  
  81  6:48  Refinery x2  
  81  6:49  Marauder  
  81  6:51  Supply Depot  
  81  6:52  Supply Depot  
  81  6:53  Supply Depot  
  85  6:56  Combat Shield  
  85  7:02  Supply Depot  
  85  7:03  Marine x2  
  85  7:05  Supply Depot, SCV x2  
  85  7:06  Supply Depot x2  
  85  7:08  Marauder  
  91  7:09  Marauder  
  91  7:12  SCV  
  91  7:13  Marauder  
  96  7:17  Marine, SCV  
  96  7:21  Marine x2  
  96  7:22  Siege Tank  
  101  7:23  Marine  
  101  7:24  Medivac  
  101  7:29  Marauder, Marine  
  104  7:30  Command Center  
  104  7:34  Marauder  
  104  7:35  Medivac, Marine  
  110  7:39  Marine  
  110  7:40  Armory  
  110  7:42  Marine x2  
  113  7:46  SCV x3  
  113  7:47  Factory, Marine  
  113  7:50  Marine  
  118  7:53  Marine, Supply Depot  
  118  7:55  Supply Depot  
  118  7:56  Siege Tank  
  118  7:57  Supply Depot  
  122  7:59  Marine x2  
  122  8:01  Marine  
  122  8:03  Concussive Shells  
  122  8:05  Marine x2, Supply Depot  
  126  8:08  Marine  
  128  8:19  Marauder, Marine  
  131  8:22  Marine  
  131  8:24  Marauder  
  131  8:26  Factory  
  134  8:28  Siege Tank  
  135  8:35  SCV x3  
  135  8:36  Marine  
  135  8:37  Marauder  
  135  8:38  Marine  
  142  8:42  Factory Tech Lab  
  142  8:47  SCV x2  
  142  8:48  Medivac x2, SCV  
  149  8:58  Marine x2  
  149  8:59  Marauder, Marine x3  
  149  9:00  Siege Tank, Marauder  
  159  9:10  Siege Tank  
  159  9:15  Factory Tech Lab  
  159  9:16  Marine x2  
  164  9:17  Marauder  
  164  9:20  Marine x2  
  164  9:21  Marauder  
  170  9:25  Marauder  
  170  9:26  Terran Infantry Weapons Level 2, Terran Infantry Armor Level 2  
  170  9:30  SCV x2  
  174  9:32  Siege Tank, Sensor Tower  
  174  9:34  Marine x2  
  174  9:37  Sensor Tower  
  179  9:42  Medivac, Siege Tank  
  184  9:51  SCV x2  
  185  10:02  Marine  
  185  10:03  Marauder x2, Marine x3  
  178  10:22  Marine x2  
  178  10:23  Marauder  
  178  10:25  Marine x2  
  178  10:26  Siege Tank, Marauder  
  164  10:29  Marine  
  164  10:30  Medivac x2  
  162  10:40  Marine  
  162  10:42  Planetary Fortress  
  163  10:44  Siege Tank x2, Marauder  
  163  10:45  Marine x2  
  163  10:46  Refinery  
  163  10:47  Marauder, Command Center, Marine  
  163  10:48  Marauder  
  172  10:52  Sensor Tower  
  171  10:58  Siege Tank, Marine, SCV  
  171  10:59  Refinery, SCV  
  171  11:03  Marine x2  
  179  11:05  Marine x2  
  179  11:08  Marine  
  179  11:09  Marine  
  179  11:10  Bunker  
  183  11:16  Siege Tank, Marine  
  187  11:21  Marine, SCV x2  
  187  11:22  SCV x2  
  187  11:23  Marauder  
  187  11:24  Sensor Tower  
  187  11:25  Supply Depot  
  194  11:26  Marauder  
  194  11:28  Terran Vehicle Weapons Level 1  
  193  11:52  Marine x3  
  193  11:53  Marauder  
  188  11:56  Siege Tank x2  
  188  11:59  Marine  
  188  12:00  Marauder  
  179  12:03  Siege Tank, Marauder  
  161  12:10  Marine x3  
  161  12:14  Marauder  
  166  12:17  Marine  
  166  12:21  Marauder  
  162  12:23  Marine  
  162  12:28  Siege Tank x2, Marine x3  
  170  12:35  Marauder, Marine  
  166  12:38  Medivac x2  
  166  12:41  Marine  
  166  12:42  Marine  
  166  12:43  Command Center  
  172  12:44  Ghost Academy  
  172  12:46  Marine x2  
  172  12:47  Siege Tank  
  177  12:52  Marine  
  177  12:57  Marauder  
  180  12:59  Marine  
  180  13:00  Marauder x2  
  180  13:03  Siege Tank, Marine  
  180  13:04  Marine  
  190  13:07  Siege Tank  
  190  13:10  Refinery x2, Marine  
  194  13:18  Marauder  
  175  13:28  Marauder, Marine  
  172  13:38  Marauder, Marine x2  
  172  13:40  Marine  
  172  13:41  Marauder  
  177  13:42  Siege Tank  
  177  13:43  Siege Tank  
  177  13:46  Marine  
  168  13:50  Marauder  
  168  13:55  Medivac x2  
  134  13:56  Marine x2  
  134  13:58  Marine  
  134  14:00  Marauder  
  134  14:02  Marauder  
  133  14:03  Marine  
  121  14:11  Marauder  
  121  14:13  Marine  
  121  14:14  Marine  
  121  14:16  Marine  
  126  14:21  Marauder, Marine  
  126  14:24  Medivac, Marauder  
  131  14:25  Medivac  
  135  14:31  Marine x2  
  135  14:32  Marauder  
  135  14:34  Marine  
  140  14:39  Marine  
  140  14:40  Planetary Fortress  
  140  14:43  Marauder  
  140  14:44  Marine  
  144  14:49  Marine  
  144  14:52  Marine x2  
  146  14:53  Ghost, Missile Turret  
  146  14:57  Marine  
  150  15:03  Viking x2  
  150  15:04  Ghost  
  156  15:12  Ghost  
  152  15:21  Ghost  
  152  15:28  Siege Tank x2  
  142  15:29  Marine  
  141  15:37  Marine  
  141  15:38  Marauder  
  144  15:43  Marine x2  
  146  15:50  Marauder  
  146  15:54  Orbital Command  
  148  15:57  Marine  
  148  15:58  Marine  
  148  15:59  Marine  
  151  16:09  Missile Turret  
  151  16:17  Siege Tank  
  154  16:35  Marauder, Marine  
  154  16:39  Supply Depot  
  157  16:42  Supply Depot  
  157  16:44  Bunker  
  157  16:45  Supply Depot  
  157  16:52  Marine x3  
  157  16:53  Marauder  
  158  17:06  Command Center  
  158  17:12  Marine  
Tags
 
Add a new tag
Caveats
  • Supply blocks, unpowered buildings, or Contaminate may cause inaccurate times.
  • Supply counts are checked every 10 seconds.